 Dungeon Crawl Stone Soup version 0.30.1-4-g462c640d31 (webtiles) character file.

Game seed: 2090520041302470802

2 Gabide the Chiller (level 1, -3/14 HPs)
             Began as a Demigod Ice Elementalist on Aug 12, 2023.
             Slain by a gnoll
             ... wielding a +0 whip
              (5 damage)
             ... on level 2 of the Dungeon.
             The game lasted 00:00:45 (92 turns).

Gabide the Chiller (Demigod Ice Elementalist)         Turns: 92, Time: 00:00:46

Health: -3/14      AC:  2    Str:  9    XL:     1   Next: 20%
Magic:  4/5        EV: 12    Int: 17    God:
Gold:   7          SH:  0    Dex: 14    Spells: 2/3 levels left

rFire   . . .        (no weapon)
rCold   . . .        (no shield)
rNeg    . . .        a - +0 robe
rPois   .            (no helmet)
rElec   .            (no cloak)
rCorr   .            (no gloves)
SInv    .            (no boots)
Will    .....        (no amulet)
Stlth   ++           (no ring)
HPRegen 0.22/turn    (no ring)
MPRegen 0.09/turn

%: no passive effects
@: no status effects
A: high MP 1, forlorn, divine attributes
a: no special abilities


You were on level 2 of the Dungeon.
You visited 1 branch of the dungeon, and saw 2 of its levels.

You collected 7 gold pieces.

Inventory:

Armour
 a - a +0 robe (worn)


   Skills:
 + Level 1.8 Dodging
 + Level 1.8 Stealth
 + Level 1.8 Spellcasting
 + Level 3.6 Ice Magic


You had 2 spell levels left.
You knew the following spells:

 Your Spells              Type           Power      Damage    Failure   Level
a - Freeze                Ice            52%        1d6       4%          1

Your spell library contained the following spells:

 Spells                   Type           Power      Damage    Failure   Level
 Frozen Ramparts          Ice            26%        1d4       13%         3
 Ozocubu's Armour         Ice            13%        N/A       13%         3
 Summon Ice Beast         Ice/Summ       7%         N/A       67%         4


Dungeon Overview and Level Annotations

Branches:
Dungeon (2/15)


Innate Abilities, Weirdness & Mutations

You have an increased reservoir of magic. (+10% MP)
You shall have no god before yourself.
Your divine heritage dramatically boosts your attributes as you level up.


Message History

A gnoll comes into view. It is wielding a +0 whip.
The kobold hits you with a +0 short sword.
You miscast Freeze.
You are very lightly contaminated with residual magic.
Nothing appears to happen.
A gnoll comes into view. It is wielding a +0 whip.
The kobold closely misses you.
You freeze the kobold.
You kill the kobold!
The gnoll shouts!
You hear a shout!
A gnoll comes into view. It is wielding a +0 whip.
Unknown command.
Unknown command.
Your magical contamination has completely faded away.
You freeze the gnoll.
The gnoll is lightly wounded.
The gnoll shouts!
The gnoll closely misses you.
You freeze the gnoll.
The gnoll is moderately wounded.
The gnoll barely misses you.
A gnoll comes into view. It is wielding a +0 club.
You freeze the gnoll.
The gnoll is moderately wounded.
The gnoll hits you with a +0 whip.
You freeze the gnoll.
The gnoll is heavily wounded.
The gnoll hits you with a +0 whip.
You aren't carrying any scrolls.
Magic courses through your body.
A ball python comes into view.
The gnoll hits you with a +0 whip.
* * * LOW HITPOINT WARNING * * *
Aiming: Freeze (safe; 4% risk of failure)
Press: ? - help, Q - select action Shift-Dir - straight line, f/p - gnoll
Aim: a gnoll, wielding a +0 whip (heavily wounded)
You freeze the gnoll.
The gnoll is heavily wounded.
The gnoll hits you with a +0 whip.
You die...

...............#
...).......†...#
........##.....#
........##.....#
..............##
..............#
..........S...#
..............###########
...).####.>..ggg@........
..... #...#############
..... ##### ....


You could see 3 gnolls and a ball python.

Vanquished Creatures
  A kobold (D:2)
  A bat (D:2)
2 creatures vanquished.

Notes
Turn   | Place    | Note
-------+----------+-------------------------------------------
     0 | D:1      | Gabide the Demigod Ice Elementalist began the quest for the
                  | Orb.
     0 | D:1      | Reached XP level 1. HP: 14/14 MP: 5/5
     9 | D:1      | You fall into a shaft and drop 1 floor!
    92 | D:2      | Slain by a gnoll

Illustrated notes

Levels and vault maps discovered:
D:1:      beargit_arrival_greenhouse, layout_basic,
          ebering_ecumenical_altar_webs
D:2:      layout_basic, serial_glass, glass_columns_a, glass_columns_a,
          uniq_terence, uniq_sigmund

Action                     || total
---------------------------++-------
   Cast: Freeze            ||     8
    Use: Potion            ||     1
  Dodge: Dodged            ||     5
